Map: Orbital Shipyard

Players

ILLBdA

  • Race: Protoss Protoss
  • League: Diamond

DooDooo - Winner!

  • Race: Terran Terran
  • League: Diamond

VOD

Have the link to the VOD?

Description

Time

  • Played on: Dec. 20, 2015, 5:38 p.m.
  • Length: 21:58
Show
View Real Time Build Order
Export as new Build Order

ILLBdA Protoss 

Build Orders: 1 Gate Expand 

Get SALT Encoding   

  12  0:00  Probe (Chrono Boost)  
  13  0:11  Probe (Chrono Boost)  
  14  0:19  Pylon  
  14  0:22  Probe (Chrono Boost)  
  15  0:37  Probe (Chrono Boost)  
  15  0:38  Gateway  
  16  0:48  Probe (Chrono Boost)  
  16  0:49  Assimilator  
  17  0:58  Probe (Chrono Boost)  
  18  1:09  Probe (Chrono Boost)  
  19  1:19  Nexus  
  19  1:21  Probe (Chrono Boost)  
  20  1:33  Cybernetics Core  
  20  1:37  Probe (Chrono Boost)  
  21  1:48  Probe (Chrono Boost)  
  21  1:49  Assimilator  
  21  1:53  Pylon  
  22  1:59  Probe (Chrono Boost)  
  23  2:09  Warp Gate  
  23  2:11  Stalker (Chrono Boost), Probe (Chrono Boost)  
  26  2:23  Probe  
  27  2:38  Probe, Robotics Facility  
  27  2:39  Probe  
  27  2:40  Adept (Chrono Boost)  
  31  2:50  Probe x2  
  33  3:01  Probe (Chrono Boost)  
  33  3:02  Probe (Chrono Boost)  
  35  3:13  Probe (Chrono Boost)  
  35  3:16  Sentry  
  38  3:21  Pylon  
  38  3:25  Warp Prism  
  43  3:32  Gateway  
  40  3:34  Gateway  
  40  3:38  Gateway  
  40  3:46  Gateway  
  40  3:48  Gateway  
  40  3:58  Probe x2 (Chrono Boost)  
  42  4:11  Mothership Core (Chrono Boost)  
  39  4:27  Observer  
  39  4:29  Stalker x2  
  43  4:34  Mothership Core (Chrono Boost)  
  41  4:45  Probe (Chrono Boost)  
  42  4:52  Probe (Chrono Boost)  
  43  4:57  Stalker  
  43  4:58  Stalker x2  
  43  4:59  Stalker  
  51  5:02  Observer  
  48  5:09  Probe (Chrono Boost)  
  49  5:17  Probe (Chrono Boost)  
  50  5:30  Adept x3  
  54  5:41  Pylon  
  52  5:52  Probe  
  53  5:57  Pylon x2  
  53  6:00  Immortal (Chrono Boost)  
  55  6:24  Adept  
  55  6:25  Adept x5  
  63  6:27  Probe  
  63  6:32  Probe  
  63  6:33  Assimilator  
  63  6:39  Probe, Immortal (Chrono Boost), Assimilator  
  64  6:45  Probe  
  65  6:52  Adept x3  
  69  7:03  Adept x2  
  73  7:13  Warp Prism (Chrono Boost)  
  75  7:26  Stalker  
  77  7:36  Pylon  
  78  7:44  Observer (Chrono Boost)  
  78  7:50  Pylon  
  78  7:51  Pylon  
  78  7:54  Probe, Adept x2  
  78  7:55  Adept  
  85  8:13  Sentry x3, Zealot  
  67  9:07  Adept x2  
  67  9:09  Immortal (Chrono Boost), Adept x2  
  63  9:10  Adept x2  
  63  9:14  Probe  
  68  9:22  Twilight Council  
  68  9:24  Pylon  
  68  9:28  Nexus  
  68  9:32  Pylon  
  68  9:41  Immortal (Chrono Boost)  
  72  9:50  Adept  
  72  9:51  Adept x3  
  80  9:55  Resonating Glaives (Chrono Boost)  
  80  10:04  Adept x2  
  84  10:12  Immortal  
  84  10:16  Forge  
  88  10:27  Probe  
  89  10:33  Adept x3  
  95  10:37  Probe  
  95  10:39  Probe  
  95  10:42  Probe  
  97  10:50  Protoss Ground Armor Level 1 (Chrono Boost)  
  97  11:05  Adept x4  
  89  11:13  Adept x2  
  59  11:26  Adept x2  
  59  11:28  Adept x2  
  59  11:30  Probe  
  66  11:39  Adept x2  
  70  11:47  Adept x2  
  70  11:50  Pylon  
  70  11:52  Adept x2  
  72  12:03  Adept  
  72  12:04  Adept  
  66  12:10  Adept x3  
  60  12:19  Adept  
  60  12:29  Adept x4  
  68  12:39  Adept x2  
  68  12:44  Probe  
  73  12:47  Photon Cannon  
  73  12:49  Adept  
  75  12:57  Assimilator x2  
  75  13:01  Protoss Ground Armor Level 2 (Chrono Boost)  
  75  13:07  Zealot x2  
  75  13:11  Charge  
  79  13:26  Zealot x3  
  85  13:39  Immortal  
  89  13:45  Zealot x2  
  89  13:46  Zealot  
  95  13:54  Zealot  
  97  13:57  Sentry x2  
  101  14:04  Zealot  
  103  14:10  Sentry  
  103  14:11  Zealot  
  107  14:17  Sentry  
  107  14:21  Zealot  
  107  14:22  Zealot  
  113  14:25  Warp Prism (Chrono Boost)  
  113  14:27  Sentry  
  117  14:32  Sentry  
  117  14:34  Zealot  
  121  14:43  Sentry  
  121  14:44  Zealot x2  
  127  15:06  Zealot x3  
  133  15:07  Zealot x2  
  137  15:39  Pylon  
  137  15:41  Pylon  
  137  15:43  Pylon  
  137  15:47  Templar Archives  
  137  15:52  Zealot x4  
  133  16:05  Pylon x2  
  112  16:24  Zealot x2  
  97  16:25  Zealot  
  71  16:43  Zealot x2  
  73  16:49  Pylon  
  73  16:50  Pylon  
  71  16:57  Zealot x3  
  77  17:01  Psionic Storm  
  75  17:09  Probe  
  74  17:41  High Templar x4  
  82  17:46  High Templar  
  82  17:47  High Templar  
  86  18:16  High Templar x3  
  92  18:21  Probe  
  92  18:24  Probe x2  
  93  18:32  Zealot  
  95  18:44  High Templar  
  97  19:05  High Templar  
  99  19:12  Zealot x2  
  103  19:26  Probe x3  
  103  19:28  High Templar  
  108  19:38  Probe  
  109  19:39  Zealot  
  109  19:45  Probe  
  112  19:55  Probe  
  112  19:58  Probe x2  
  115  20:08  Zealot  
  117  20:19  Warp Prism  
  117  20:25  High Templar  
  121  20:31  Zealot  
  123  20:41  Zealot  
  123  20:42  Zealot x2  
  129  21:16  Probe (Chrono Boost)  
  129  21:18  Probe x2 (Chrono Boost)  
  132  21:26  Probe (Chrono Boost)  
  132  21:30  Probe x2 (Chrono Boost)  
  133  21:33  Robotics Bay  
  133  21:37  Probe (Chrono Boost)  
  134  21:40  Zealot  
  134  21:41  Zealot x2  
  134  21:42  Probe x2 (Chrono Boost)  
  128  21:57  Archon  
  128  21:58  Archon  
Show
View Real Time Build Order
Export as new Build Order

DooDooo Terran - Winner!

Build Orders: Liberator Opening, Bio Tank, MMM Bio 

Get SALT Encoding   

  12  0:02  SCV  
  13  0:13  Supply Depot  
  13  0:18  SCV  
  14  0:30  SCV  
  15  0:36  Barracks  
  15  0:41  Refinery  
  15  0:45  SCV  
  16  0:57  SCV  
  17  1:10  SCV  
  18  1:23  Marine  
  18  1:25  Orbital Command  
  19  1:31  Supply Depot  
  19  1:44  Marine  
  20  1:48  Factory, Refinery  
  20  1:51  SCV  
  21  2:01  Marine  
  21  2:03  SCV  
  23  2:12  Supply Depot  
  23  2:15  SCV  
  24  2:19  Marine  
  25  2:27  SCV  
  26  2:32  Widow Mine  
  26  2:34  Starport  
  28  2:37  Marine  
  28  2:39  SCV  
  30  2:51  SCV  
  30  2:56  Supply Depot  
  30  2:58  Marine  
  31  3:03  Factory Tech Lab  
  32  3:11  Medivac  
  34  3:17  Marine  
  35  3:24  Liberator  
  35  3:27  Cyclone  
  35  3:31  Supply Depot  
  40  3:55  SCV  
  41  4:02  Command Center  
  41  4:20  Marine  
  41  4:21  Cyclone  
  42  4:47  Liberator  
  39  5:06  SCV  
  40  5:09  Barracks Tech Lab  
  40  5:11  Siege Tank  
  40  5:13  Barracks  
  43  5:14  Barracks  
  43  5:22  SCV  
  39  5:49  Marine  
  40  5:57  Siege Tank  
  39  6:07  Marine  
  39  6:10  Marine x2  
  38  6:14  SCV  
  38  6:25  Marine  
  36  6:26  SCV  
  36  6:27  Marine  
  38  6:36  Marine  
  38  6:43  Marine  
  38  6:45  Marine  
  40  6:57  SCV, Stimpack  
  40  6:58  Siege Tank  
  40  7:01  Marine  
  44  7:06  Orbital Command  
  45  7:09  SCV  
  46  7:19  Marine  
  46  7:21  SCV  
  48  7:29  Barracks Reactor, Barracks Tech Lab  
  45  7:33  SCV x2  
  45  7:34  Refinery  
  47  7:38  Engineering Bay  
  47  7:45  SCV  
  47  7:46  SCV  
  47  7:47  Supply Depot, Marine  
  47  7:48  Marine  
  51  7:52  Siege Tank  
  51  7:57  SCV  
  51  7:58  SCV  
  56  8:05  Marine x2  
  56  8:08  Missile Turret  
  56  8:09  SCV  
  56  8:10  SCV, Marine x2  
  56  8:12  Combat Shields  
  62  8:21  SCV  
  62  8:22  SCV  
  62  8:23  Marine  
  62  8:24  Supply Depot, Marine  
  66  8:27  Siege Tank  
  66  8:28  Marine  
  70  8:34  SCV  
  70  8:46  SCV x2  
  72  8:49  Marine x2  
  74  9:01  SCV, Marine x2  
  70  9:03  SCV  
  70  9:13  Medivac, Marine x2  
  74  9:19  Marine x2  
  74  9:20  SCV  
  74  9:23  Supply Depot  
  77  9:24  Supply Depot  
  77  9:31  Marine  
  78  9:38  Supply Depot x2  
  78  9:44  Terran Infantry Weapons Level 1, Siege Tank, Marine x3  
  84  9:48  SCV  
  84  9:49  Marine  
  86  10:02  Marine x3  
  86  10:07  Marine  
  89  10:12  Medivac  
  92  10:20  Marine x3  
  95  10:24  Marine  
  95  10:27  Command Center  
  96  10:35  SCV  
  96  10:37  Refinery  
  96  10:38  Siege Tank, Marine x3  
  96  10:42  Marine  
  104  11:11  Marauder, Marine x3  
  72  11:28  Marine  
  72  11:29  Marine x2  
  72  11:32  Marine  
  74  11:43  Siege Tank  
  74  11:46  Marine x2  
  74  11:47  Marine  
  79  11:50  Barracks, Marine  
  77  12:04  Marine x3  
  77  12:08  Marine  
  70  12:14  SCV x2  
  69  12:22  Marine x3  
  67  12:24  Medivac  
  67  12:25  Marine  
  67  12:26  Orbital Command  
  62  12:37  Barracks Tech Lab  
  62  12:39  Barracks  
  62  12:40  Marine x3  
  62  12:43  Marine  
  66  12:46  Terran Infantry Armor Level 1, SCV x2  
  68  12:55  Factory Reactor  
  68  12:58  SCV x2, Marine x3  
  71  13:01  Marine  
  71  13:03  Marauder  
  76  13:08  SCV  
  77  13:14  Concussive Shells  
  77  13:15  Marine x2  
  77  13:16  Marine  
  77  13:18  SCV, Engineering Bay  
  82  13:20  Armory, SCV  
  82  13:26  Marauder  
  85  13:27  Marauder  
  85  13:31  SCV  
  85  13:33  Marine x2  
  91  13:34  Marauder  
  91  13:36  Supply Depot, SCV x2  
  91  13:40  Marauder  
  95  13:45  Command Center, Barracks  
  95  13:47  Marine  
  95  13:48  Barracks, Marine  
  96  13:51  Marine x2  
  96  13:54  SCV x2  
  103  13:55  Marauder  
  103  14:01  Marine  
  103  14:02  Medivac x2  
  108  14:05  Marine  
  108  14:06  SCV, Ghost Academy, Marine  
  108  14:09  Marine x2  
  113  14:12  Supply Depot  
  113  14:15  Supply Depot, SCV  
  116  14:17  Marauder  
  116  14:19  Marauder  
  116  14:23  Marauder  
  120  14:24  Marauder  
  120  14:27  Marine x2  
  120  14:28  Terran Infantry Weapons Level 2  
  124  14:32  Medivac x2  
  124  14:38  Marine  
  129  14:41  Barracks Reactor, Barracks Tech Lab, Refinery  
  129  14:46  Marauder x3  
  129  14:47  Marine x2  
  137  14:55  Supply Depot x2  
  137  14:58  Orbital Command  
  136  15:05  Marauder x2  
  140  15:08  Marine x2  
  140  15:09  Marine  
  143  15:27  Marauder x2, Marine x2  
  149  15:29  Medivac x2  
  153  15:38  Marine x2  
  153  15:39  Marine, Marauder x2  
  160  15:44  Marine  
  160  15:45  Marine  
  160  15:48  Marine  
  163  15:53  Terran Infantry Armor Level 2  
  110  16:33  Marine x2  
  110  16:36  Marine x2  
  110  16:37  Marauder x2  
  110  16:39  Orbital Command  
  99  16:51  Marine  
  98  16:56  Marauder, Marine x2  
  98  16:57  Marine  
  98  16:58  Terran Infantry Weapons Level 3, Marauder  
  105  17:07  SCV  
  105  17:08  SCV  
  107  17:14  Marauder  
  105  17:36  Marauder x3, Marine x3  
  114  17:48  Supply Depot  
  114  17:54  Marine x2  
  115  18:08  Supply Depot  
  115  18:15  Marauder x2, Marine x3  
  122  18:28  Orbital Command  
  127  18:41  Ghost  
  114  18:57  SCV x2  
  116  19:12  Ghost  
  116  19:14  Marine  
  119  19:43  Orbital Command  
  119  19:47  Ghost x2  
  119  19:48  Personal Cloaking  
  123  19:55  Marine x2  
  123  19:56  Marauder x2  
  119  20:15  SCV, Ghost  
  119  20:16  Ghost  
  119  20:17  Marauder  
  126  20:28  Marine x2  
  126  20:29  Marauder  
  130  20:42  Barracks  
  131  20:44  Ghost  
  131  20:45  Barracks  
  131  20:46  Marine x2, Marauder x2  
  122  21:25  Marine  
  122  21:26  Marauder x2, Marine  
  130  21:33  Marauder x2  
  130  21:35  Barracks Reactor, Barracks Tech Lab  
Tags
 
Add a new tag
Caveats
  • Supply blocks, unpowered buildings, or Contaminate may cause inaccurate times.
  • Supply counts are checked every 10 seconds.